 Dungeon Crawl Stone Soup version 0.30-a0-358-g0d69a1922f (webtiles) character file.

Game seed: 11431495899131440001

21 koil the Sneak (level 2, -2/20 HPs)
             Began as a Vampire Enchanter on Nov 9, 2022.
             Slain by a kobold
             ... wielding a +0 club
              (4 damage)
             ... on level 2 of the Dungeon.
             The game lasted 00:03:31 (1099 turns).

koil the Sneak (Vampire Enchanter)                  Turns: 1099, Time: 00:03:32

Health: -2/20      AC:  2    Str:  7    XL:     2   Next: 62%
Magic:  5/5        EV: 12    Int: 17    God:
Gold:   27         SH:  0    Dex: 14    Spells: 3/5 levels left

rFire   . . .      SeeInvis +    a - +1 dagger
rCold   . . .      Faith    .    (no shield)
rNeg    . . .      Spirit   .    b - +0 robe
rPois   .          Reflect  .    (no helmet)
rElec   .          Harm     .    (no cloak)
rCorr   .          Rampage  .    (no gloves)
Will    .....                    (no boots)
Stlth   +++.......               (no amulet)
HPRegen 0.43/turn                (no ring)
MPRegen 0.09/turn                (no ring)

@: healing quickly
A: alive, fangs 3, see invisible, vampiric 1
a: Exsanguinate


You were on level 2 of the Dungeon.
You visited 1 branch of the dungeon, and saw 2 of its levels.

You collected 27 gold pieces.

Inventory:

Hand Weapons
 a - a +1 dagger (weapon)
Armour
 b - a +0 robe (worn)
Jewellery
 l - a ring of poison resistance
Scrolls
 d - 2 scrolls of identify {unknown}
 e - a scroll of amnesia {unknown}
 j - a scroll of blinking {unknown}
Potions
 c - 2 potions of invisibility
 f - 2 potions of degeneration {unknown}
 g - a potion of haste {unknown}
 h - 2 potions of heal wounds {unknown}
 i - 2 potions of mutation {unknown}
 k - a potion of curing {unknown}
 m - a potion of attraction {unknown}


   Skills:
 + Level 0.5 Fighting
 + Level 1.5 Short Blades
 + Level 2.4 Dodging
 + Level 4.7 Stealth
 + Level 2.2 Spellcasting
 + Level 4.6 Hexes


You had 3 spell levels left.
You knew the following spells:

 Your Spells              Type           Power      Damage    Failure   Level
a - Ensorcelled Hibernat  Hex/Ice        18%        N/A       11%         2

Your spell library contained the following spells:

 Spells                   Type           Power      Damage    Failure   Level
 Confusing Touch          Hex            17%        N/A       9%          3
 Tukima's Dance           Hex            17%        N/A       9%          3
 Apportation              Tloc           2%         N/A       19%         1
 Necrotise                Necr           4%         1d4       19%         1
 Summon Small Mammal      Summ           4%         N/A       19%         1
 Dazzling Flash           Conj/Hex       18%        N/A       22%         3


Dungeon Overview and Level Annotations

Branches:
Dungeon (2/15)

Altars:


Innate Abilities, Weirdness & Mutations

Your natural rate of healing is accelerated.
You have razor-sharp teeth.
You have supernaturally acute eyesight. (SInv)
You are afflicted with vampirism.


Message History

The kobold shouts!
The bat hits you but does no damage. The bat hits you but does no damage.
The bat misses you. The bat barely misses you.
The kobold hits you with a +0 club. The kobold attacks as you move away!
The kobold misses you. The kobold attacks as you move away!
The kobold hits you with a +0 club.
* * * LOW HITPOINT WARNING * * *
The frilled lizard hisses angrily.
The kobold attacks as you move away! The kobold hits you but does no damage.
The kobold hits you with a +0 club.
* * * LOW HITPOINT WARNING * * *
The kobold barely misses you. The kobold attacks as you move away!
The kobold hits you with a +0 club.
* * * LOW HITPOINT WARNING * * *
You hit the kobold.
The kobold is moderately wounded.
The kobold closely misses you.
You hit the kobold but do no damage.
The kobold is moderately wounded.
The kobold misses you.
You miss the kobold.
The kobold is moderately wounded.
The kobold hits you with a +0 club.
* * * LOW HITPOINT WARNING * * *
You closely miss the kobold.
The kobold is moderately wounded.
The kobold hits you with a +0 club.
* * * LOW HITPOINT WARNING * * *
You hit the kobold but do no damage.
The kobold is moderately wounded.
The kobold hits you but does no damage. The kobold hits you with a +0 club.
Keep bloodletting?
Uppercase [Y]es or [N]o only, please.
Keep bloodletting?
* * * LOW HITPOINT WARNING * * *
You begin bloodletting.
You continue bloodletting.
The kobold hits you with a +0 club.
You die...

.........w#.#######
##.###.##...#......
#.......#.#.########
..##.##...#....<...#
#.#...#.#.#.#.#.##.#
#...#...#...#.#.#
#.#..w#.#.#.#.#.# #
..##.##...#.w.####.#.##
#....w..#.#.#.lK@.....#
##.###.##...##J###.#..#
.......w..#.##.# #
.###.###.##..J.#
............##.#
##.###.###.##..# ## ###
#....## #####


You could see a worm, an endoplasm, a kobold and a frilled lizard.

Vanquished Creatures
  2 ball pythons (D:1)
  3 bats (D:1)
  5 endoplasms (D:1)
  3 goblins (D:1)
  A quokka (D:1)
  A kobold (D:1)
  3 rats (D:1)
18 creatures vanquished.

Notes
Turn   | Place    | Note
-------+----------+-------------------------------------------
     0 | D:1      | koil the Vampire Enchanter began the quest for the Orb.
     0 | D:1      | Reached XP level 1. HP: 13/13 MP: 3/3
   186 | D:1      | Reached XP level 2. HP: 14/19 MP: 5/5
   191 | D:1      | Learned a level 2 spell: Ensorcelled Hibernation
  1063 | D:2      | HP: 3/20 [dart slug/slug dart (6)]
  1092 | D:2      | HP: 4/20 [kobold/+0 club (3)]
  1098 | D:2      | HP: 2/20 [kobold/+0 club (2)]
  1099 | D:2      | Slain by a kobold

Illustrated notes

Levels and vault maps discovered:
D:1:      ebering_hopf_link, layout_basic, serial_co_window_serial,
          co_window_corner_a, co_window_corner_a, co_window_cross_1,
          co_window_corner_a, co_window_corner_a, co_window_cross_2,
          co_window_cross_3, co_window_broadway_a, co_window_broadway_c,
          co_window_unsneaky_path_a, co_window_cross_2, co_window_4corner_a,
          glass_columns_a, glass_columns_a, glass_columns_c,
          minmay_misc_feat_diagonals
D:2:      layout_basic, basic_altar, nicolae_concentric_dashed_squares_wild

Action                   || total
-------------------------++-------
Melee: Dagger            ||    54
       Bite              ||     4
 Abil: Exsanguinate      ||     1
 Stab: Sleeping          ||     8
Armor: Robe              ||     9
Dodge: Dodged            ||    24

Table legend: (Time is in decaauts)
 A = Elapsed time spent in this place.
 B = Non-inter-level travel time spent in this place.
 C = Inter-level travel time spent in this place.
 D = Time resting spent in this place.
 E = Time spent auto-exploring this place.
 F = Levels seen in this place.
 G = Mean time per level.
                   A        B        C        D        E       F      G
               +--------+--------+--------+--------+--------+-----+--------+
         Total |   1095 |   1063 |     32 |      0 |    876 |   2 |  547.5 |
       Dungeon |   1095 |   1063 |     32 |      0 |    876 |   2 |  547.5 |
               +--------+--------+--------+--------+--------+-----+--------+

Top non-repeatable levels by time:
     D:1: 1048 daAuts
     D:2: 47 daAuts
